 Dungeon Crawl Stone Soup version 0.25-a0-796-gd415a3ffb0 (webtiles) character file.

Game seed: 10875945306891806072, levelgen mode: deterministic

7 tilp the Bolt Thrower (level 2, 6/16 HPs)
             Began as a Kobold Arcane Marksman on Apr 18, 2020.
             Quit the game on level 1 of the Dungeon.
             The game lasted 00:01:02 (171 turns).

tilp the Bolt Thrower (Kobold Arcane Marksman)       Turns: 171, Time: 00:01:03

Health: 6/16       AC:  2    Str:  7    XL:     2   Next: 10%
Magic:  3/3        EV: 15    Int: 14    God:
Gold:   32         SH:  0    Dex: 15    Spells: 2/3 levels left

rFire    . . .     SeeInvis .   b - -2 dagger (curse)
rCold    . . .     Gourm    .   (shield restricted)
rNeg     . . .     Faith    .   e - +0 robe
rPois    .         Spirit   .   (no helmet)
rElec    .         Reflect  .   (no cloak)
rCorr    .         Harm     .   (no gloves)
MR       .....                  (no boots)
Stlth    +.........             (no amulet)
HPRegen  0.05/turn              (no ring)
MPRegen  0.08/turn              (no ring)

@: no status effects
A: small, carnivore
a: no special abilities


You were on level 1 of the Dungeon.
You were completely stuffed.

You visited 1 branch of the dungeon, and saw 1 of its levels.

You collected 32 gold pieces.

Inventory:

Hand Weapons
 a - a +0 hand crossbow
 b - a cursed -2 dagger (weapon)
Missiles
 d - 19 bolts
Armour
 e - a +0 robe (worn)
Comestibles
 c - 2 rations
 f - 2 chunks of flesh


   Skills:
 - Level 1.1 Fighting
 + Level 3.3 Crossbows
 - Level 2.4 Dodging
 - Level 1.1 Spellcasting
 - Level 3.0 Hexes


You had 2 spell levels left.
You knew the following spells:

 Your Spells              Type           Power        Failure   Level  Hunger
a - Corona                Hex            #......      8%          1    ##.....

Your spell library contained the following spells:

 Spells                   Type           Power        Failure   Level  Hunger
 Slow                     Hex            #.......     12%         2    ###....
 Inner Flame              Hex/Fire       #.......     38%         3    ####...
 Portal Projectile        Hex/Tloc       #.....       38%         3    ####...
 Cause Fear               Hex            #.........   58%         4    #####..
 Leda's Liquefaction      Hex/Erth       #.........   80%         4    #####..


Dungeon Overview and Level Annotations

Branches:
Dungeon (1/15)

Altars:


Innate Abilities, Weirdness & Mutations

You are small and have problems with some larger weapons.
You are carnivorous and can eat meat at any time.


Message History

The kobold is too close now for your liking.
Unknown command.
Unknown command.
The kobold closely misses you.
You closely miss the kobold. The kobold barely misses you.
You barely miss the kobold. The kobold barely misses you.
You hit the kobold.
The kobold is moderately wounded.
The kobold hits you with a +0 whip.
You are too injured to fight recklessly!
You hit the kobold but do no damage. The kobold hits you with a +0 whip.
* * * LOW HITPOINT WARNING * * *
You hit the kobold.
The kobold is moderately wounded.
A jackal comes into view.
The kobold barely misses you.
You aren't carrying any potions.
You aren't carrying any scrolls.
Unknown command.
Are you sure you want to abandon this character and quit the game? (Confirm with "yes".)

#########
........#
###.#########
#...........####
#.#............###
#@#########.......
#K##.......###.###
..hh..hh....####.#
#... ..K.###.##..#
#.# #.# # ## #.#
.# #.# #.# #.##..#
#.# #.# .... .###
#.##..# #.###.#
.... .... #.....#
#.....### ....
#..# ####.[#
#####....


You could see 2 jackals and a kobold.

Vanquished Creatures
  A hobgoblin (D:1)
  3 jackals (D:1)
  2 bats (D:1)
  A kobold (D:1)
7 creatures vanquished.

Notes
Turn   | Place    | Note
-------+----------+-------------------------------------------
     0 | D:1      | tilp the Kobold Arcane Marksman began the quest for the
                  | Orb.
     0 | D:1      | Reached XP level 1. HP: 12/12 MP: 2/2
    98 | D:1      | Reached XP level 2. HP: 16/16 MP: 3/3
   171 | D:1      | Quit the game

Levels and vault maps discovered:
D:1:      wander_arrival_estate, layout_loops_ring

Skill      XL: |  1 |
---------------+----+-----
Crossbows      | 3 |  3.3
Fighting       | |  1.1
Dodging        | |  2.4
Spellcasting   | |  1.1
Hexes          | |  3.0

Action                   || total
-------------------------++-------
Melee: Dagger            ||    16
 Fire: Hand crossbow     ||     8
  Eat: Chunk             ||     6
Armor: Robe              ||     4
Dodge: Dodged            ||    18

Table legend:
 A = Non-vault XP
 B = Vault XP
 C = Vault XP percentage of total XP
 D = Non-vault monster count
 E = Vault monster count
 F = Vault count percentage of total count
                 A         B        C        D         E       F
            +---------+---------+-------+---------+---------+-------
      Total |      11 |       0 |   0.0 |       7 |       0 |   0.0
            +---------+---------+-------+---------+---------+-------
        D:1 |      11 |       0 |   0.0 |       7 |       0 |   0.0
            +---------+---------+-------+---------+---------+-------
